 Dungeon Crawl Stone Soup version 0.21.0-3-g78d12a8 (webtiles) character file.

3208 sankara the Cleaver (level 9, -3/86 HPs)
             Began as a Deep Dwarf Fighter on Jan 17, 2018.
             Was a Follower of Makhleb.
             Slain by a two-headed ogre
             ... wielding a +0 giant spiked club
              (5 damage)
             ... on level 9 of the Dungeon.
             The game lasted 00:27:23 (4837 turns).

sankara the Cleaver (Deep Dwarf Fighter)            Turns: 4837, Time: 00:27:24

Health: -3/86      AC: 12    Str: 22    XL:     9   Next: 65%
Magic:  9/9        EV:  7    Int:  9    God:    Makhleb [*.....]
Gold:   451        SH: 10    Dex: 20    Spells: 8/8 levels left

rFire    . . .     SeeInvis .   i - +2 hand axe (drain)
rCold    . . .     Gourm    .   c - +0 shield
rNeg     . . .     Faith    .   b - +0 scale mail
rPois    .         Spirit   .   (helmet restricted)
rElec    .         Reflect  .   (no cloak)
rCorr    .         Harm     .   y - +0 pair of gloves
MR       ++...                  u - +2 pair of boots
Stlth    ..........             (no amulet)
HPRegen  0.00/turn              w - ring of flight
MPRegen  0.11/turn              g - +5 ring of dexterity

@: non-regenerating
A: damage resistance, heal wounds, horns 1, magic resistance 1, mutation
resistance 1, sense surroundings 2, strong 1, no regeneration
a: Heal Wounds, Renounce Religion, Evoke Flight


You were on level 9 of the Dungeon.
You worshipped Makhleb.
Makhleb was aware of your devotion.
You were not hungry.

You visited 2 branches of the dungeon, and saw 10 of its levels.

You collected 451 gold pieces.

Inventory:

Hand Weapons
 a - a +0 war axe
 i - a +2 hand axe of draining (weapon)
 m - the cursed +3 quarterstaff of Precise Incision {venom, rElec rN+, unknown}
   (You found it on level 7 of the Dungeon)

   It poisons the flesh of those it strikes.
   It insulates you from electricity.
   It protects you from negative energy.
   It has a curse placed upon it.
Missiles
 j - 5 poisoned tomahawks (quivered)
Armour
 b - a +0 scale mail (worn)
 c - a +0 shield (worn)
 u - a +2 pair of boots (worn)
 y - a +0 pair of gloves (worn)
Jewellery
 g - a +5 ring of dexterity (right hand)
 w - a ring of flight (left hand)
Wands
 d - a wand of flame (30)
 s - a wand of digging (17)
 t - a wand of enslavement (19)
 z - a wand of acid (8)
 B - a wand of scattershot (5)
Scrolls
 k - 3 scrolls of remove curse
 n - a scroll of fear {unknown}
 p - a scroll of enchant weapon {unknown}
 q - 4 scrolls of identify {unknown}
 r - 3 scrolls of teleportation
 v - 3 scrolls of immolation {unknown}
 A - a scroll of blinking
Potions
 e - a potion of brilliance
 h - 3 potions of curing
 l - a potion of flight
 o - a potion of invisibility {unknown}
 x - a potion of ambrosia
Comestibles
 f - 17 rations


   Skills:
 + Level 7.0 Fighting
 * Level 11.0 Axes
 + Level 7.3 Armour
 - Level 3.2 Shields


You had 8 spell levels left.
You didn't know any spells.

Dungeon Overview and Level Annotations

Branches:
Dungeon (9/15)             Temple (1/1) D:5
   Lair: D:8-11         Orc: D:9-12

Altars:
Cheibriados
Dithmenos
Elyvilon
Fedhas
Gozag
Hepliaklqana
Kikubaaqudgha
Makhleb
Nemelex Xobeh
Okawaru
Ru
Sif Muna
Trog
Uskayaw
Vehumet
Wu Jian
Xom
Yredelemnul
Zin
The Shining One


Innate Abilities, Weirdness & Mutations

You are resistant to damage.
You can heal yourself by infusing magical energy.
You passively map the area around you.
You do not regenerate.
You have a pair of small horns on your head.
You are resistant to hostile enchantments. (MR+)
You are somewhat resistant to further mutation.
Your muscles are strong. (Str +2)


Message History

The ogre is severely wounded.
The ogre hits you with a giant spiked club.
You hit the ogre. You drain the ogre!
You kill the ogre!
Makhleb accepts your kill.
You see here a giant spiked club.
You completely miss the two-headed ogre.
You block the two-headed ogre's attack. x2
You hit the two-headed ogre but do no damage.
You block the two-headed ogre's attack.
The two-headed ogre hits you with a giant club!!
* * * LOW HITPOINT WARNING * * *
You slash the two-headed ogre!
You headbutt the two-headed ogre, but do no damage.
The two-headed ogre is moderately wounded.
You feel better.
The two-headed ogre hits you with a giant spiked club!
* * * LOW HITPOINT WARNING * * *
The two-headed ogre hits you with a giant club!
You die...

, *#........# #.....
, ,,, ,+........###
#..... , * *
#........'.# #.....
, *
#........#.###.....
,,,,
,#........#..##.....
, , *
#........##..#.....
, ,
##'#########)#.<...
, , , #.# #.'..... ,
#@### ###..... * *
#.O.# #####+ ###.# ,
* #.# * , #'# , , *
* *... ,,, , , ,
+.... ,* , , , ,
.....# * , , , ,,,
,......# , , ,


You could see a two-headed ogre.

Vanquished Creatures
  Erica (D:8)
  Prince Ribbit (D:7)
  An ice beast (D:6)
  3 sky beasts
  2 black bears (D:6)
  An ogre (D:9)
  A phantom (D:8)
  A centaur (D:8)
  2 bullfrogs
  A big kobold (D:7)
  3 scorpions
  4 killer bees (D:8)
  A howler monkey (D:7)
  5 crimson imps
  6 hounds
  A quasit (D:6)
  A gnoll shaman (D:4)
  An orc priest (D:4)
  A centaur zombie (D:7)
  A bullfrog skeleton (D:5)
  Jessica (D:3)
  Ijyb (D:3)
  8 worker ants
  10 gnolls
  5 adders
  3 shadow imps
  2 oozes (D:7)
  An adder zombie (D:7)
  2 dart slugs
  4 worms
  7 leopard geckos
  10 orcs
  5 giant cockroaches
  8 goblins
  5 hobgoblins
  9 jackals
  6 bats
  6 frilled lizards
  A jackal skeleton (D:5)
  A jackal zombie (D:7)
  16 kobolds
  A quokka skeleton (D:4)
  A quokka zombie (D:5)
  6 rats
157 creatures vanquished.

Notes
Turn   | Place    | Note
-------+----------+-------------------------------------------
     0 | D:1      | sankara the Deep Dwarf Fighter began the quest for the Orb.
     0 | D:1      | Reached XP level 1. HP: 20/20 MP: 1/1
   108 | D:1      | Reached XP level 2. HP: 18/27 MP: 2/2
   502 | D:2      | Reached skill level 3 in Axes
   580 | D:2      | Reached XP level 3. HP: 13/34 MP: 3/3
   705 | D:2      | Gained mutation: Your muscles are strong. (Str +2) [potion of mutation]
   705 | D:2      | Gained mutation: You are somewhat resistant to further mutation. [potion of mutation]
   705 | D:2      | Gained mutation: You have a pair of small horns on your head. [potion of mutation]
   705 | D:2      | Gained mutation: You are resistant to hostile enchantments. (MR+) [potion of mutation]
  1122 | D:3      | Reached XP level 4. HP: 23/42 MP: 4/4
  1290 | D:3      | Reached skill level 4 in Axes
  1316 | D:3      | Found a hazy altar of Hepliaklqana.
  1360 | D:3      | Noticed Ijyb
  1376 | D:3      | Killed Ijyb
  1391 | D:3      | Noticed Jessica
  1396 | D:3      | Killed Jessica
  1396 | D:3      | Reached XP level 5. HP: 21/49 MP: 5/5
  1683 | D:4      | Reached skill level 5 in Axes
  1733 | D:4      | Found a deep blue altar of Sif Muna.
  1808 | D:4      | Reached XP level 6. HP: 18/57 MP: 6/6
  1977 | D:4      | Reached skill level 6 in Axes
  2096 | D:4      | Found a sacrificial altar of Ru.
  2110 | D:4      | Found a shimmering altar of Xom.
  2124 | D:4      | Reached XP level 7. HP: 18/66 MP: 7/7
  2263 | D:4      | Reached skill level 7 in Axes
  2271 | D:5      | Entered Level 5 of the Dungeon
  2330 | D:5      | Found a staircase to the Ecumenical Temple.
  2339 | Temple   | Entered the Ecumenical Temple
  2346 | Temple   | Became a worshipper of Makhleb the Destroyer
  2483 | D:5      | Reached skill level 5 in Fighting
  2845 | D:6      | Reached skill level 8 in Axes
  2853 | D:6      | Reached XP level 8. HP: 27/74 MP: 8/8
  2909 | D:6      | Reached skill level 5 in Armour
  2912 | D:6      | Found a bloodstained altar of Trog.
  3201 | D:7      | Reached skill level 9 in Axes
  3222 | D:7      | Reached * piety under Makhleb
  3369 | D:7      | Got a transparent quarterstaff
  3401 | D:7      | Noticed Prince Ribbit
  3648 | D:7      | Killed Prince Ribbit
  3805 | D:7      | Gained mutation: You passively map the area around you. [Deep Dwarf growth]
  3805 | D:7      | Reached XP level 9. HP: 33/82 MP: 9/9
  3913 | D:8      | Noticed Erica
  3935 | D:8      | Killed Erica
  3935 | D:8      | Reached skill level 10 in Axes
  4045 | D:8      | Found a hide-covered altar of Uskayaw.
  4469 | D:8      | Reached skill level 11 in Axes
  4824 | D:9      | Noticed a two-headed ogre
  4837 | D:9      | HP: 2/86 [two-headed ogre/giant spiked club (13)]
  4837 | D:9      | Slain by a two-headed ogre

Skill      XL: |  1  2  3  4  5  6  7  8  9 |
---------------+----------------------------+-----
Axes           | 3 4 5 6 8 9 11 | 11.0
Fighting       | 3 4 5 6 7 |  7.0
Armour         | 4 6 7 |  7.3
Shields        | |  3.2

Action                   |  1- 3 |  4- 6 |  7- 9 || total
-------------------------+-------+-------+-------++-------
Melee: War axe           |    46 |       |       ||    46
       Hand axe          |    68 |   115 |   264 ||   447
       Headbutt          |     3 |    28 |    64 ||    95
  Use: Scroll            |     3 |     1 |       ||     4
       Potion            |     6 |     3 |    10 ||    19
  Eat: Chunk             |     1 |     3 |     6 ||    10
       Ration            |       |       |     1 ||     1
Armor: Scale mail        |    49 |    28 |    91 ||   168
Dodge: Dodged            |    30 |    26 |    76 ||   132
Block: Shield            |    66 |    48 |   130 ||   244
